[Event "Tuesday 30 January Rapid Engine Tour 12+1 Rounds 9 Starts 1600 ST"]
[Site "Infinity Chess"]
[Date "2018.1.30"]
[Round "7"]
[White "Satria_Ungu"]
[Black "SkyPilot"]
[Result "0-1"]
[ECO "A06"]
[WhiteElo "2388"]
[BlackElo "2500"]
[WhiteEngine "Houdini 6_CTG"]
[BlackEngine "stockfish_x64_bmi2_2018_01_23_CTG"]
[EventType "Swiss"]
[WhiteTeam ""]
[BlackTeam ""]
[PlyCount "107"]
[TimeControl "720+1"]

1. Nf3 d5 2. d4 Nf6 3. c4 e6 4. Nc3 c6 5. e3 Nbd7 6. Qc2 Bd6 7. Bd3 O-O 
8. O-O dxc4 9. Bxc4 a6 10. e4 e5 11. h3 b5 12. Be2 Re8 13. Be3 Qc7 14. Rad1 exd4 
15. Nxd4 b4 16. Na4 c5 17. Nf5 Bh2+ 18. Kh1 Nxe4 19. g3 Ndf6 20. Nh6+ gxh6 
21. Kxh2 Bb7 22. Bf4 Qc6 23. Bf3 Qb5 24. Bxh6 Re6 25. Be3 Rae8 26. Bg2 c4 
27. Nb6 c3 28. bxc3 bxc3 29. Kg1 Nxg3 30. Bxb7 Rxe3 31. fxe3 Nxf1 32. Rxf1 Qxb6 
33. Qxc3 Rxe3 34. Qxf6 Re6+ 35. Qf2 Qxb7 36. Qf3 Rb6 37. a3 Qxf3 38. Rxf3 Rh6 
39. a4 Kg7 40. Kg2 Rf6 41. Rb3 Rf4 42. a5 Rf5 43. Ra3 Kf6 44. Kh2 Rg5 
45. Rf3+ Kg7 46. Ra3 h5 47. Kh1 Kf8 48. Ra1 Ke7 49. Kh2 Kd6 50. Rf1 Rxa5 
51. Rxf7 Ke5 52. Re7+ Kf4 53. Kg2 Rb5 54. Re6 0-1

[Event "Tuesday 30 January Rapid Engine Tour 12+1 Rounds 9 Starts 1600 ST"]
[Site "Infinity Chess"]
[Date "2018.1.30"]
[Round "6"]
[White "aficionado"]
[Black "star99"]
[Result "1/2-1/2"]
[ECO "B90"]
[WhiteElo "2164"]
[BlackElo "2377"]
[WhiteEngine "asmFishW_2017-12-20_base_CTG"]
[BlackEngine "Cryptic AIL V2"]
[EventType "Swiss"]
[WhiteTeam ""]
[BlackTeam ""]
[PlyCount "134"]
[TimeControl "720+1"]

1. e4 c5 2. Nf3 d6 3. d4 cxd4 4. Nxd4 Nf6 5. Nc3 a6 6. f3 e5 7. Nb3 Be7 
8. Be3 Be6 9. Qd2 O-O 10. O-O-O Nbd7 11. g4 Qc7 12. Kb1 b5 13. a3 Rfb8 
14. Nc1 Nb6 15. g5 Nh5 16. N1a2 Qc8 17. Nb4 a5 18. Ncd5 Nxd5 19. Nxd5 Bd8 
20. Be2 Qc6 21. b3 Rc8 22. Rhg1 Rab8 23. f4 Nxf4 24. Bxf4 exf4 25. Nxf4 Bb6 
26. Rg3 Re8 27. Nxe6 Rxe6 28. Rd3 Qxe4 29. Bf3 Qe5 30. Bg4 Ree8 31. Bd7 Re7 
32. Rd5 Qe3 33. Bxb5 Qxd2 34. R1xd2 Bc5 35. Re2 Re6 36. Bc4 Rbe8 37. Rg2 Bxa3 
38. Rxa5 Re1+ 39. Ka2 Bb4 40. Ra4 Bc3 41. b4 Rb8 42. b5 d5 43. Kb3 Be5 
44. Bxd5 Rxb5+ 45. Kc4 Rb8 46. Ra7 Rf1 47. Kd3 Rf4 48. Rd7 Kf8 49. c3 Ke8 
50. Ra7 Rd8 51. c4 Rb8 52. Rga2 Rb3+ 53. Kc2 Rc3+ 54. Kd2 Rf2+ 55. Kd1 Rd3+ 
56. Ke1 Rxa2 57. Rxa2 Bd4 58. Kf1 Ke7 59. Kg2 f5 60. gxf6+ Kxf6 61. Be4 Rc3 
62. Bxh7 Rxc4 63. h4 g5 64. hxg5+ Kxg5 65. Ra5+ Kf4 66. Rd5 Rb4 67. Rf5+ Kg4 
1/2-1/2

[Event "Tuesday 30 January Rapid Engine Tour 12+1 Rounds 9 Starts 1600 ST"]
[Site "Infinity Chess"]
[Date "2018.1.30"]
[Round "6"]
[White "Satria_Ungu"]
[Black "ludimilojko"]
[Result "1-0"]
[ECO "A06"]
[WhiteElo "2375"]
[BlackElo "2289"]
[WhiteEngine "Houdini 6_CTG"]
[BlackEngine "corchess_x64_CTG"]
[EventType "Swiss"]
[WhiteTeam ""]
[BlackTeam ""]
[PlyCount "82"]
[TimeControl "720+1"]

1. Nf3 d5 2. d4 e6 3. c4 Nf6 4. Nc3 c6 5. e3 Nbd7 6. Qc2 Bd6 7. Bd3 dxc4 
8. Bxc4 O-O 9. O-O a6 10. e4 e5 11. h3 b5 12. Be2 Re8 13. Be3 exd4 14. Nxd4 Qc7 
15. Rad1 c5 16. Nf5 Bf8 17. Rfe1 c4 18. a4 b4 19. Nd5 Nxd5 20. exd5 Nf6 
21. d6 Bxf5 22. Qxf5 Bxd6 23. Bxc4 Bh2+ 24. Kh1 Qxc4 25. Kxh2 Qe6 26. Qc5 a5 
27. Bf4 Qb3 28. Qb5 Qxb2 29. Rxe8+ Rxe8 30. Qxa5 Qxf2 31. Bg3 Qc2 32. Rd8 b3 
33. Rxe8+ Nxe8 34. Qb5 Kf8 35. Qb4+ Kg8 36. Qb8 Qc6 37. Qxb3 Qa6 38. Qb4 Qa7 
39. Qb5 Nc7 40. Qd7 Qa8 41. Qxc7 f6 1-0

[Event "Tuesday 30 January Rapid Engine Tour 12+1 Rounds 9 Starts 1600 ST"]
[Site "Infinity Chess"]
[Date "2018.1.30"]
[Round "6"]
[White "KhalidOmar"]
[Black "Dinkelberger"]
[Result "1/2-1/2"]
[ECO "E00"]
[WhiteElo "2427"]
[BlackElo "2377"]
[WhiteEngine "Eman 1.68c 64-bit BMI2"]
[BlackEngine "stockfish_18012814_x64_modern_CTG"]
[EventType "Swiss"]
[WhiteTeam ""]
[BlackTeam ""]
[PlyCount "143"]
[TimeControl "720+1"]

1. d4 Nf6 2. c4 e6 3. g3 Bb4+ 4. Nd2 O-O 5. a3 Be7 6. b3 d5 7. Bb2 b6 8. Bg2 Bb7 
9. cxd5 exd5 10. Ngf3 Nbd7 11. O-O Ne4 12. Ne5 Nxe5 13. dxe5 f5 14. e3 c5 
15. Qc2 Qd7 16. Rfd1 Qe6 17. Nf1 Qf7 18. f3 Ng5 19. h4 Ne6 20. f4 Rfd8 
21. Rd2 Rac8 22. Rad1 b5 23. Kh2 a6 24. Rxd5 Rxd5 25. Bxd5 Bxd5 26. Rxd5 Nxf4 
27. e6 Nxe6 28. Rxf5 Qg6 29. Qe4 Rf8 30. Rxf8+ Nxf8 31. Qxe7 Qc2+ 32. Kh3 Qxb2 
33. Qxc5 Qxb3 34. Nd2 Qe6+ 35. Kh2 h6 36. Nf3 Qc4 37. Qxc4+ bxc4 38. Kg2 c3 
39. Ne1 Kf7 40. Kf3 Ke6 41. e4 Nd7 42. Ke3 Ne5 43. Nc2 Ng4+ 44. Kd4 Nf2 
45. a4 a5 46. h5 Nd1 47. e5 Nb2 48. Kxc3 Nxa4+ 49. Kd4 Nb6 50. Ke4 a4 51. g4 Nc4 
52. Nd4+ Kf7 53. Nc2 Ke6 54. Nd4+ Kf7 55. Nc2 Ke7 56. Kd4 Nd2 57. Kd5 Nb1 
58. Kc4 Ke6 59. Kb4 Kxe5 60. Ne3 a3 61. Kb3 a2 62. Kxa2 Nc3+ 63. Kb3 Nb5 
64. Kb4 Nd6 65. Kc5 Ne8 66. Nd5 Nf6 67. Nc7 Nxg4 68. Ne8 g6 69. hxg6 h5 
70. Nd6 Kf6 71. g7 Kxg7 72. Kd4 1/2-1/2

[Event "Tuesday 30 January Rapid Engine Tour 12+1 Rounds 9 Starts 1600 ST"]
[Site "Infinity Chess"]
[Date "2018.1.30"]
[Round "6"]
[White "Ryzen"]
[Black "IronMan"]
[Result "1/2-1/2"]
[ECO "A40"]
[WhiteElo "2394"]
[BlackElo "2411"]
[WhiteEngine "Houdini 6"]
[BlackEngine "Eman 1.68c 64-bit BMI2"]
[EventType "Swiss"]
[WhiteTeam ""]
[BlackTeam ""]
[PlyCount "160"]
[TimeControl "720+1"]

1. d4 e6 2. e4 h6 3. Nf3 d5 4. e5 c5 5. c3 Ne7 6. Bd3 b6 7. b4 Nf5 8. dxc5 bxc5 
9. O-O Nc6 10. b5 Na5 11. Nbd2 a6 12. a4 Be7 13. Ba3 O-O 14. Qe2 axb5 
15. axb5 Qc7 16. Rfb1 Bb7 17. Bc1 Rfc8 18. h3 Bf8 19. Bc2 g6 20. Ra4 Bg7 
21. Rba1 Re8 22. Bd3 Red8 23. Bb2 Re8 24. R1a2 Red8 25. R2a3 Rdb8 26. Bc1 Ne7 
27. Ra1 Nf5 28. g3 Re8 29. Bb2 Qb6 30. R4a2 g5 31. Kh2 Ne7 32. Ba3 Rec8 
33. Qe3 Nf5 34. Bxf5 exf5 35. Bxc5 Rxc5 36. Rxa5 Rxa5 37. Rxa5 f4 38. gxf4 gxf4 
39. Qd4 Rxb5 40. Rxb5 Qxb5 41. Qxf4 Bc8 42. Qd4 Qd7 43. Ng1 Qf5 44. f4 h5 
45. Ndf3 Bh6 46. Kg3 Qg6+ 47. Kf2 Qc2+ 48. Ne2 Bxh3 49. Qxd5 Bg4 50. Qc4 Qb1 
51. Qd4 Qg6 52. Qd8+ Kh7 53. Ke3 Qa6 54. Qd1 Kg7 55. Qd6 Qc4 56. Qb6 Kh7 
57. Qd4 Qc8 58. Qd3+ Bf5 59. Qd1 Bg4 60. Kf2 Qf5 61. Qd5 Kg8 62. Qd8+ Kh7 
63. Ke3 Qb1 64. Qf6 Qa2 65. Qc6 Qa1 66. Qe4+ Kg8 67. Kf2 Qh1 68. f5 Bh3 
69. Nf4 Qf1+ 70. Kg3 Bg4 71. Qa8+ Kh7 72. Qd5 Bxf4+ 73. Kxf4 Kg7 74. f6+ Kg6 
75. e6 Qxf3+ 76. Qxf3 Bxf3 77. exf7 Kxf7 78. Kxf3 Kxf6 79. Ke4 Ke7 80. Kf5 h4 
1/2-1/2

[Event "Tuesday 30 January Rapid Engine Tour 12+1 Rounds 9 Starts 1600 ST"]
[Site "Infinity Chess"]
[Date "2018.1.30"]
[Round "6"]
[White "Thinker"]
[Black "angriff"]
[Result "1-0"]
[ECO "B00"]
[WhiteElo "2398"]
[BlackElo "2425"]
[WhiteEngine "stockfish_18013009_x64_modern_CTG"]
[BlackEngine "Stockfish SL FA POPCNT_CTG"]
[EventType "Swiss"]
[WhiteTeam ""]
[BlackTeam ""]
[PlyCount "169"]
[TimeControl "720+1"]

1. e4 Nc6 2. Nf3 e5 3. Bc4 Nf6 4. d3 Bc5 5. c3 a5 6. O-O d6 7. h3 O-O 
8. Nbd2 Be6 9. Bb5 Qc8 10. Re1 Bxh3 11. gxh3 Qxh3 12. Nf1 Qg4+ 13. Kh1 Bxf2 
14. N1h2 Qh5 15. Re2 Ng4 16. Qc2 Ba7 17. Rg2 Nxh2 18. Nxh2 f5 19. Bd2 Kh8 
20. exf5 Rxf5 21. d4 Raf8 22. Be2 Qh4 23. Rag1 g6 24. Bg5 Rxg5 25. Rxg5 exd4 
26. R5g4 Qh6 27. cxd4 Bxd4 28. Rf1 Rxf1+ 29. Bxf1 Kg7 30. Rxd4 Nxd4 
31. Qxc7+ Kf6 32. Qxd6+ Ne6 33. Qb8 Qh4 34. Qxb7 h5 35. Qf3+ Ke7 36. Qa3+ Qb4 
37. Qxb4+ axb4 38. Nf3 g5 39. Ne5 b3 40. axb3 Kd6 41. Nd3 Nd4 42. b4 Nc2 
43. Kh2 g4 44. Kg3 Kc7 45. Be2 Kb6 46. Bd1 Ne3 47. Ba4 Nf5+ 48. Kf4 g3 
49. Kf3 h4 50. Nf4 Nd6 51. Nd5+ Kb7 52. Ne3 Kb6 53. Kg2 Ka6 54. Kh3 Kb6 
55. Ng2 Nf5 56. Bc2 Nd4 57. Bd3 Nf3 58. Nxh4 Ne5 59. Bf1 Nc6 60. b5 Ne7 
61. Kxg3 Kc5 62. Ng2 Nd5 63. Kf3 Nf6 64. Ne3 Nh7 65. Kf4 Nf6 66. Kf5 Nd7 
67. Ke6 Nf8+ 68. Ke7 Ng6+ 69. Kf6 Nf4 70. Kf5 Nh5 71. Bd3 Ng3+ 72. Kg4 Nh1 
73. Kf3 Kd6 74. b6 Kc6 75. Nd5 Kb7 76. Bb5 Nf2 77. Kxf2 Kc8 78. Ba6+ Kd8 
79. b7 Kd7 80. Bc4 Ke6 81. b8=Q Kf5 82. Qf4+ Kg6 83. Qf6+ Kh7 84. Bd3+ Kg8 
85. Ne7# 1-0

[Event "Tuesday 30 January Rapid Engine Tour 12+1 Rounds 9 Starts 1600 ST"]
[Site "Infinity Chess"]
[Date "2018.1.30"]
[Round "6"]
[White "Paul"]
[Black "KULLANI"]
[Result "1/2-1/2"]
[ECO "D31"]
[WhiteElo "2420"]
[BlackElo "2426"]
[WhiteEngine "Stockfish dev_CTG"]
[BlackEngine "BrainFish_180124_x64_CTG"]
[EventType "Swiss"]
[WhiteTeam ""]
[BlackTeam ""]
[PlyCount "95"]
[TimeControl "720+1"]

1. d4 d5 2. c4 e6 3. Nc3 c6 4. e4 dxe4 5. Nxe4 Bb4+ 6. Bd2 Qxd4 7. Bxb4 Qxe4+ 
8. Ne2 Na6 9. Bf8 Ne7 10. Bxg7 Nb4 11. Qd6 Nd3+ 12. Kd2 Nf5 13. Qxd3 Qxd3+ 
14. Kxd3 Nxg7 15. Kc3 b6 16. g3 Bb7 17. Bg2 O-O-O 18. b4 Kc7 19. Nf4 f6 
20. Rhe1 e5 21. Nd3 Rd4 22. f4 Rhd8 23. Rad1 Ba6 24. fxe5 Rxc4+ 25. Kb3 Ne6 
26. exf6 Nd4+ 27. Kb2 Rc2+ 28. Kb1 Bxd3 29. Re7+ Kb8 30. Rxd3 Rxg2 31. f7 Rf2 
32. Re8 Rc8 33. Rxc8+ Kxc8 34. Rxd4 Rxf7 35. Rh4 Kc7 36. a4 a5 37. bxa5 bxa5 
38. Rh6 Kb6 39. Kc2 Kc5 40. Kb2 Rb7+ 41. Kc2 Rb4 42. Rh5+ Kb6 43. Rxh7 Rxa4 
44. Kb3 Rb4+ 45. Kc2 Kb5 46. Rb7+ Kc5 47. Rxb4 axb4 48. Kb3 1/2-1/2

[Event "Tuesday 30 January Rapid Engine Tour 12+1 Rounds 9 Starts 1600 ST"]
[Site "Infinity Chess"]
[Date "2018.1.30"]
[Round "6"]
[White "Wolle"]
[Black "hafaba"]
[Result "1/2-1/2"]
[ECO "B00"]
[WhiteElo "2468"]
[BlackElo "2451"]
[WhiteEngine "Raubfisch X37a2_CTG"]
[BlackEngine "SF SL FA 26012018 POPCNT_CTG"]
[EventType "Swiss"]
[WhiteTeam ""]
[BlackTeam ""]
[PlyCount "76"]
[TimeControl "720+1"]

1. e4 Nc6 2. Nf3 e5 3. Bc4 Nf6 4. d3 Bc5 5. c3 a5 6. O-O d6 7. Bg5 O-O 8. Re1 h6 
9. Bh4 g5 10. Bg3 g4 11. Bh4 gxf3 12. Qxf3 Kg7 13. Nd2 Be6 14. Rad1 Bxc4 
15. Nxc4 Qe7 16. d4 exd4 17. Qg3+ Kh7 18. Qf4 Qe6 19. Bxf6 dxc3 20. Bxc3 f5 
21. e5 d5 22. Nd2 a4 23. Nf3 Rg8 24. h3 a3 25. b3 Rad8 26. Rf1 Qg6 27. Nh4 Qg5 
28. Qxg5 hxg5 29. Nxf5 d4 30. Bd2 Nxe5 31. Ng3 Rg6 32. Ne4 Be7 33. f4 gxf4 
34. Bxf4 Rd5 35. Nc3 Rc5 36. Ne4 Rd5 37. Nc3 Rc5 38. Ne4 Rd5 1/2-1/2

[Event "Tuesday 30 January Rapid Engine Tour 12+1 Rounds 9 Starts 1600 ST"]
[Site "Infinity Chess"]
[Date "2018.1.30"]
[Round "6"]
[White "Katzenmaier"]
[Black "BraveDevil"]
[Result "1/2-1/2 "]
[ECO "E00"]
[WhiteElo "2472"]
[BlackElo "2429"]
[WhiteEngine "SugaR XPrO x64 POPCNT"]
[BlackEngine "Cryptic AIL V2"]
[EventType "Swiss"]
[WhiteTeam ""]
[BlackTeam ""]
[PlyCount "245"]
[TimeControl "720+1"]

1. d4 Nf6 2. c4 e6 3. g3 Be7 4. Bg2 d5 5. Nf3 O-O 6. O-O dxc4 7. Ne5 c5 
8. dxc5 Qc7 9. Nxc4 Rd8 10. Qb3 Nc6 11. Be3 e5 12. Rd1 Nd4 13. Bxd4 Rxd4 
14. Rxd4 exd4 15. Nbd2 Bxc5 16. Rc1 Rb8 17. Qc2 b6 18. Nf3 Bb7 19. Ncd2 Qd6 
20. Nb3 Be4 21. Qc4 Bd5 22. Qb5 Bxb3 23. Qxb3 Qe7 24. Qd3 Rd8 25. a3 a5 
26. Rd1 Ng4 27. h3 Ne5 28. Nxe5 Qxe5 29. e4 g6 30. h4 Kg7 31. f4 Qe6 32. Kh2 f6 
33. Bh3 Qc6 34. Bg4 Re8 35. Bf3 Qe6 36. Re1 Qa2 37. Re2 Qf7 38. Re1 Qa2 
39. Re2 Qf7 40. Rd2 Qe6 41. Kg2 Re7 42. Rc2 a4 43. Rc4 Qd7 44. Rc1 Qe6 
45. Qc4 Qd7 46. Qd3 Qe6 47. Qc4 Qd7 48. Rd1 Re8 49. Qc2 Rc8 50. Qe2 Rd8 
51. Qd3 b5 52. Rc1 Be7 53. e5 fxe5 54. fxe5 Qf5 55. Qxf5 gxf5 56. Rc7 Kf7 
57. Rb7 b4 58. axb4 d3 59. Bd1 d2 60. Kf3 Ke6 61. Ke2 Rg8 62. b5 Rxg3 63. b6 Rg4 
64. Kxd2 Rd4+ 65. Kc2 Bxh4 66. Rxh7 Bg3 67. Rh6+ Ke7 68. b7 Bxe5 69. Rb6 Rc4+ 
70. Kb1 Bb8 71. Rh6 Rb4 72. Ka2 Bd6 73. Rh7+ Kd8 74. Rf7 f4 75. Bf3 Rb6 
76. Bg4 Ke8 77. Bh5 Kd8 78. Bf3 Ke8 79. Bh5 Kd8 80. Bf3 Bc7 81. Bd5 Bd6 
82. Be4 Be5 83. Rf5 Bd6 84. Rf7 Bc7 85. Rf8+ Kd7 86. Rf5 Bd6 87. Bd5 Kc7 
88. Rg5 Kd8 89. Rg8+ Kd7 90. Rg7+ Kd8 91. Be4 Bc7 92. Bd5 Be5 93. Rf7 Bd6 
94. Bh1 Ke8 95. Rf5 Ke7 96. Ra5 Rb4 97. Ra6 Kd7 98. Bc6+ Kc7 99. Bg2 Be5 
100. Rc6+ Kd7 101. Rc2 Bd6 102. Bd5 Rb6 103. Be4 Rb3 104. Bd5 Rb6 105. Rh2 Kd8 
106. Bf3 Rb3 107. Rh8+ Kd7 108. Bd5 Rb6 109. Rh6 Kc7 110. Rh7+ Kd8 111. Rh5 Kd7 
112. Rh6 Kc7 113. Rh7+ Kb8 114. Rh8+ Kc7 115. Rc8+ Kd7 116. Rh8 Be5 117. Rh5 Bd6 
118. Rh7+ Ke8 119. Ka1 Kd8 120. Bh1 Be5 121. Rh5 Bd6 122. Rh8+ Kc7 123. Bf3 
1/2-1/2

[Event "Tuesday 30 January Rapid Engine Tour 12+1 Rounds 9 Starts 1600 ST"]
[Site "Infinity Chess"]
[Date "2018.1.30"]
[Round "6"]
[White "Marsell"]
[Black "Eman"]
[Result "1/2-1/2 "]
[ECO "C55"]
[WhiteElo "2463"]
[BlackElo "2475"]
[WhiteEngine "asmFishW_2018-01-11_popcnt"]
[BlackEngine "Eman 1.68c 64-bit POPCNT"]
[EventType "Swiss"]
[WhiteTeam ""]
[BlackTeam ""]
[PlyCount "220"]
[TimeControl "720+1"]

1. e4 e5 2. Nf3 Nc6 3. Bc4 Nf6 4. d3 Bc5 5. c3 a5 6. O-O d6 7. Bg5 O-O 8. a4 h6 
9. Bh4 Be6 10. Nbd2 Qe7 11. Re1 Ba7 12. Rc1 Rad8 13. Bg3 Nh7 14. Bxe6 fxe6 
15. Nc4 Ng5 16. Nfd2 Nh7 17. Rf1 Qg5 18. Nf3 Qg4 19. Nfd2 Qg5 20. Nf3 Qg4 
21. Qb3 Rb8 22. Ne3 Qg6 23. Nd2 Qf7 24. Kh1 Nf6 25. h3 Nh5 26. Rce1 Bxe3 
27. Rxe3 b6 28. Qb5 Qd7 29. Bh2 Nf4 30. Rd1 Rf7 31. Nc4 Rbf8 32. Rd2 g5 
33. Re1 h5 34. Kg1 Rg7 35. Ne3 Na7 36. Qb3 Nc6 37. f3 Kh8 38. Kh1 Kh7 
39. Qb5 Na7 40. Qb3 Nc6 41. Rf1 Qe8 42. Qc4 Qd7 43. Qb3 Kh6 44. d4 Kh7 
45. Nc2 exd4 46. cxd4 d5 47. Qe3 Qe7 48. Re1 Kh8 49. exd5 exd5 50. Bxf4 Rxf4 
51. Qe6 Qxe6 52. Rxe6 Ne7 53. Ne3 c6 54. Kg1 Kg8 55. Kf2 Rgf7 56. Re5 Nf5 
57. Rd3 Kf8 58. Nxf5 R4xf5 59. Re6 R5f6 60. Rde3 Kg7 61. b3 Rxe6 62. Rxe6 Rc7 
63. Rd6 h4 64. Ke3 Kf7 65. Kd3 Rc8 66. Rd7+ Ke6 67. Rb7 Kf5 68. Ke3 Re8+ 
69. Kf2 c5 70. dxc5 bxc5 71. Rc7 d4 72. Rxc5+ Re5 73. Rb5 Ke6 74. Rb6+ Kd7 
75. b4 d3 76. bxa5 d2 77. Rb1 Rxa5 78. Rd1 Rxa4 79. Rxd2+ Ke6 80. g3 Kf6 
81. gxh4 gxh4 82. Rd6+ Ke5 83. Rh6 Ra1 84. Rxh4 Kf6 85. Rg4 Rb1 86. h4 Ra1 
87. Rg8 Rh1 88. Rg4 Rh2+ 89. Kg3 Rh1 90. Kg2 Rd1 91. Kh3 Rf1 92. Kg2 Ra1 
93. Kh2 Rb1 94. Rg3 Rb4 95. h5 Kf7 96. Rh3 Kg7 97. h6+ Kh7 98. Kg3 Rc4 
99. Rh5 Rc1 100. Rh3 Ra1 101. Rh4 Rb1 102. Kf2 Rb2+ 103. Kg3 Rb1 104. Rh3 Ra1 
105. Kf2 Rb1 106. Ke3 Ra1 107. Kd4 Rb1 108. Ke5 Re1+ 109. Kd4 Ra1 110. Ke4 Ra4+ 
1/2-1/2

[Event "Tuesday 30 January Rapid Engine Tour 12+1 Rounds 9 Starts 1600 ST"]
[Site "Infinity Chess"]
[Date "2018.1.30"]
[Round "6"]
[White "Vimtiroba"]
[Black "KRAKEN"]
[Result "1/2-1/2"]
[ECO "C50"]
[WhiteElo "2463"]
[BlackElo "2483"]
[WhiteEngine "Corchess 2.0a_CTG"]
[BlackEngine "Raubfisch ME262_GTZ16c_CTG"]
[EventType "Swiss"]
[WhiteTeam ""]
[BlackTeam ""]
[PlyCount "150"]
[TimeControl "720+1"]

1. e4 e5 2. Nf3 Nc6 3. Bc4 Bc5 4. d3 Nf6 5. O-O d6 6. c3 O-O 7. Re1 a5 8. h3 h6 
9. Nbd2 Be6 10. a4 Bxc4 11. Nxc4 Re8 12. Be3 Bxe3 13. Nxe3 b6 14. Qb3 Qd7 
15. Qb5 Rad8 16. b4 Ra8 17. Qc4 axb4 18. cxb4 Ne7 19. a5 bxa5 20. bxa5 Ra7 
21. Qc3 Ng6 22. Nf5 Rea8 23. N3h4 Nf4 24. d4 Qb5 25. Qc6 Qxc6 26. Ne7+ Kf8 
27. Nxc6 Ra6 28. d5 Ng8 29. Nf5 g6 30. Ne3 Ne7 31. Nxe7 Kxe7 32. Nc4 f5 
33. f3 Nd3 34. Re3 Nc5 35. Rb1 Kf6 36. Rb5 Re8 37. Kf2 Raa8 38. Nd2 Rab8 
39. Rxb8 Rxb8 40. Ra3 Rb2 41. Ke3 Na6 42. g3 fxe4 43. Nxe4+ Ke7 44. f4 exf4+ 
45. gxf4 Kd8 46. Kd4 Rb4+ 47. Kd3 Kc8 48. Ra1 Kb7 49. Rg1 Rb3+ 50. Kc4 Rf3 
51. Rxg6 Rxf4 52. Rg4 Rf3 53. Rh4 Ra3 54. Rxh6 Rxa5 55. h4 Ra4+ 56. Kd3 Nb4+ 
57. Kd4 Nc2+ 58. Kd3 Ne1+ 59. Ke3 Ra3+ 60. Kf4 Rd3 61. Nf6 Ng2+ 62. Kg5 Ne3 
63. h5 Nxd5 64. Nxd5 Rxd5+ 65. Kg6 Rd4 66. Rh7 Rd1 67. Rg7 Rc1 68. h6 Rg1+ 
69. Kf5 Rh1 70. h7 Kc6 71. Kg6 Kd5 72. Rxc7 Ke6 73. Rc4 Rxh7 74. Kxh7 d5 
75. Rc1 Kf5 1/2-1/2

[Event "Tuesday 30 January Rapid Engine Tour 12+1 Rounds 9 Starts 1600 ST"]
[Site "Infinity Chess"]
[Date "2018.1.30"]
[Round "6"]
[White "MCDermont"]
[Black "tris77"]
[Result "1/2-1/2"]
[ECO "B96"]
[WhiteElo "2495"]
[BlackElo "2412"]
[WhiteEngine "BrainFish 060118_CTG"]
[BlackEngine "stockfish_18012814_x64_modern_CTG"]
[EventType "Swiss"]
[WhiteTeam ""]
[BlackTeam ""]
[PlyCount "89"]
[TimeControl "720+1"]

1. e4 c5 2. Nf3 d6 3. d4 cxd4 4. Nxd4 Nf6 5. Nc3 a6 6. Bg5 e6 7. f4 Nbd7 
8. Qe2 h6 9. Bh4 e5 10. O-O-O exd4 11. e5 dxe5 12. fxe5 Be7 13. exf6 Nxf6 
14. Bxf6 gxf6 15. g3 Be6 16. Bg2 Rc8 17. Nd5 Qa5 18. Nxe7 Kxe7 19. a3 Rhd8 
20. Be4 b5 21. Qd2 Qxd2+ 22. Kxd2 f5 23. Bd3 h5 24. Rde1 Kf6 25. Rhf1 Rg8 
26. Rf4 Rg4 27. Ref1 Rxf4 28. Rxf4 Ke5 29. Rh4 Rh8 30. Be2 Bd5 31. Rxh5 Rxh5 
32. Bxh5 f4 33. gxf4+ Kxf4 34. b4 f5 35. Kd3 Ke5 36. c3 dxc3 37. Kxc3 f4 
38. Kd2 Ke4 39. Ke2 Bc4+ 40. Kf2 Kd3 41. Kf3 Kc3 42. Kxf4 Kb3 43. Bg4 Kxa3 
44. Bc8 Kxb4 45. Bxa6 1/2-1/2

[Event "Tuesday 30 January Rapid Engine Tour 12+1 Rounds 9 Starts 1600 ST"]
[Site "Infinity Chess"]
[Date "2018.1.30"]
[Round "6"]
[White "MarioDeMonti"]
[Black "Neoxium"]
[Result "1/2-1/2"]
[ECO "C11"]
[WhiteElo "2476"]
[BlackElo "2486"]
[WhiteEngine "stockfish_x64_bmi2_2018_01_23_CTG"]
[BlackEngine "Stockfish SL FA PB BMI2"]
[EventType "Swiss"]
[WhiteTeam ""]
[BlackTeam ""]
[PlyCount "143"]
[TimeControl "720+1"]

1. e4 e6 2. d4 d5 3. Nc3 Nf6 4. e5 Nfd7 5. f4 c5 6. Nf3 Nc6 7. Be3 Qb6 
8. Na4 Qa5+ 9. c3 c4 10. b4 Qc7 11. Be2 b5 12. Nc5 Nxc5 13. bxc5 Rb8 14. Bd2 b4 
15. cxb4 Nxb4 16. Rb1 Nc6 17. Rxb8 Qxb8 18. Bc3 Be7 19. Kf2 Qb7 20. Qc2 O-O 
21. Qd2 Bd7 22. Bd1 Qa6 23. h4 Qa3 24. Bc2 h5 25. Rg1 Rb8 26. g4 hxg4 
27. Rxg4 Nb4 28. Bb1 f5 29. exf6 Bxf6 30. Ne5 Be8 31. Rg1 Bxe5 32. fxe5 Bh5 
33. Rg3 Nd3+ 34. Bxd3 cxd3 35. Kg2 Rb1 36. Qg5 Qxa2+ 37. Bd2 Rb7 38. c6 Rf7 
39. Qd8+ Rf8 40. Qg5 Rf7 41. Kh3 Qc2 42. c7 Rxc7 43. Qxh5 Qxd2 44. Qe8+ Kh7 
45. Qxe6 Qe1 46. Qg6+ Kg8 47. Qe8+ Kh7 48. Qh5+ Kg8 49. Qe8+ Kh7 50. Qg6+ Kh8 
51. Qxd3 Rf7 52. Rf3 Qh1+ 53. Kg4 Qg2+ 54. Rg3 Qh1 55. e6 Rf6 56. Rf3 Qg2+ 
57. Rg3 Qh1 58. e7 Re6 59. Qf3 Qxf3+ 60. Rxf3 Rxe7 61. Kg5 Kh7 62. Rf8 Re1 
63. Ra8 a6 64. Rxa6 Rd1 65. Ra4 Rg1+ 66. Kf4 Rd1 67. Kf5 Rh1 68. Ke6 Rxh4 
69. Kxd5 Rh6 70. Ra1 Rh4 71. Rf1 Rh2 72. Ke6 1/2-1/2

[Event "Tuesday 30 January Rapid Engine Tour 12+1 Rounds 9 Starts 1600 ST"]
[Site "Infinity Chess"]
[Date "2018.1.30"]
[Round "6"]
[White "SkyPilot"]
[Black "RonWeasley"]
[Result "1/2-1/2"]
[ECO "C11"]
[WhiteElo "2501"]
[BlackElo "2466"]
[WhiteEngine "stockfish_x64_bmi2_2018_01_23_CTG"]
[BlackEngine "BrainFish 060118_CTG"]
[EventType "Swiss"]
[WhiteTeam ""]
[BlackTeam ""]
[PlyCount "118"]
[TimeControl "720+1"]

1. e4 e6 2. d4 d5 3. Nc3 Nf6 4. e5 Nfd7 5. f4 c5 6. Nf3 Nc6 7. Be3 cxd4 
8. Nxd4 Qb6 9. a3 Bc5 10. Ncb5 a6 11. Nxc6 axb5 12. Bxc5 Nxc5 13. Nd4 Bd7 
14. Be2 O-O 15. c3 f6 16. exf6 Rxf6 17. g3 g5 18. Qd2 gxf4 19. gxf4 Qd6 
20. Rf1 Ne4 21. Qe3 Raf8 22. Nxb5 Bxb5 23. Bxb5 Rxf4 24. Rg1+ Kh8 25. O-O-O b6 
26. Qd4+ Nf6 27. Qd2 Ne4 28. Qd4+ Nf6 29. Qd3 Qc5 30. Rg2 e5 31. Ba6 Rg8 
32. Rxg8+ Kxg8 33. b4 Qc7 34. Kb2 Kf8 35. Rd2 Qd6 36. Qh3 Ke7 37. Qe3 h5 
38. Re2 Re4 39. Qg5 Rxe2+ 40. Bxe2 d4 41. h3 d3 42. Bxh5 e4 43. a4 Qh2+ 
44. Ka3 Qxh3 45. Bg6 Qe6 46. Kb2 Qd6 47. Bxe4 d2 48. Qg7+ Ke6 49. Bc2 d1=Q 
50. Bxd1 Qxd1 51. Qb7 Qd2+ 52. Kb3 b5 53. axb5 Nd5 54. Qc6+ Ke5 55. b6 Qd1+ 
56. Ka3 Qc1+ 57. Kb3 Qd1+ 58. Ka3 Qc1+ 59. Kb3 Qd1+ 1/2-1/2

[Event "Tuesday 30 January Rapid Engine Tour 12+1 Rounds 9 Starts 1600 ST"]
[Site "Infinity Chess"]
[Date "2018.1.30"]
[Round "5"]
[White "ludimilojko"]
[Black "Paul"]
[Result "0-1"]
[ECO "A01"]
[WhiteElo "2301"]
[BlackElo "2408"]
[WhiteEngine "corchess_x64_CTG"]
[BlackEngine "Stockfish dev_CTG"]
[EventType "Swiss"]
[WhiteTeam ""]
[BlackTeam ""]
[PlyCount "184"]
[TimeControl "720+1"]

1. b3 e5 2. Bb2 Nc6 3. e3 Nf6 4. c4 d5 5. cxd5 Nxd5 6. a3 g6 7. Bb5 Bg7 
8. d4 Bd7 9. Ne2 a6 10. Bxc6 Bxc6 11. O-O e4 12. Nbc3 O-O 13. Nxd5 Bxd5 
14. Nf4 c6 15. a4 f5 16. Ba3 Rf7 17. Bc5 g5 18. Nxd5 Qxd5 19. b4 f4 20. Qg4 Rb8 
21. Bb6 Re8 22. Rfb1 Rf6 23. Bc5 h6 24. Qh5 Ree6 25. Rb2 Kh7 26. Qd1 Re8 
27. Qh5 Qd7 28. h3 Rf5 29. Rc1 g4 30. Qxg4 Rg8 31. b5 cxb5 32. axb5 a5 
33. Bb6 Be5 34. dxe5 Rxg4 35. Rc7 Qxc7 36. Bxc7 Rg7 37. Bxa5 f3 38. g3 Re7 
39. g4 Rfxe5 40. Kh2 h5 41. Kg3 Kg6 42. Bb6 Rh7 43. Rd2 h4+ 44. Kh2 Kf7 
45. Bc7 Re8 46. Bf4 Ra8 47. Rd7+ Kg8 48. Rd5 Kf8 49. Rf5+ Rf7 50. Bh6+ Kg8 
51. Rg5+ Kh8 52. Rh5 Ra2 53. Bg5+ Rh7 54. Rxh7+ Kxh7 55. Bxh4 Rb2 56. Kg3 Rxb5 
57. Kf4 Rb4 58. Bf6 Rc4 59. Bd4 Rc2 60. Kxe4 Rxf2 61. Kf4 b5 62. Kg3 Rc2 
63. Kxf3 b4 64. Be5 b3 65. Kf4 b2 66. Bxb2 Rxb2 67. h4 Rh2 68. Kg3 Rh1 
69. h5 Kh6 70. e4 Rf1 71. Kg2 Rf4 72. Kg3 Rxe4 73. Kf3 Rd4 74. Kg3 Kg5 
75. Kf3 Rxg4 76. h6 Rg1 77. h7 Rh1 78. h8=Q Rxh8 79. Ke4 Re8+ 80. Kd4 Kf5 
81. Kc5 Ke5 82. Kc4 Rd8 83. Kc3 Rd4 84. Kc2 Ke4 85. Kc3 Ke3 86. Kc2 Rc4+ 
87. Kb2 Kd2 88. Kb3 Re4 89. Kb2 Re3 90. Ka1 Rb3 91. Ka2 Kc2 92. Ka1 Ra3# 0-1